 Dungeon Crawl Stone Soup version 0.29-a0-330-g52719c12eb (webtiles) character file.

Game seed: 12816808395197380611

5795 Crownlay the Geomancer (level 10, -3/69 HPs)
             Began as an Octopode Earth Elementalist on May 11, 2022.
             Was an Initiate of Gozag.
             Slain by a vampire mosquito (7 damage)
             ... on level 7 of the Dungeon.
             The game lasted 00:18:37 (9544 turns).

Crownlay the Geomancer (OpEE)                       Turns: 9544, Time: 00:18:38

Health: -3/69      AC:  1    Str: 13    XL:     10   Next: 79%
Magic:  18/20      EV: 14    Int: 21    God:    Gozag
Gold:   824        SH:  0    Dex: 22    Spells: 8/22 levels left

rFire   . . .      SeeInvis .   u - +5 hunting sling "Podghiom" {vorpal, Will+ Dex+2}
rCold   + . .      Faith    .   (no shield)
rNeg    . . .      Spirit   .   (helmet restricted)
rPois   +          Reflect  .   (no amulet)
rElec   .          Harm     .   c - +6 ring of dexterity
rCorr   +          Rampage  .   r - ring of protection from cold
Will    ++...                   f - ring of resist corrosion
Stlth   ++++......              w - ring of wizardry
HPRegen 0.21/turn               x - ring of willpower
MPRegen 0.17/turn               A - ring of poison resistance
                                B - +6 ring of strength
                                (no ring)

@: no status effects
A: almost no armour, amphibious, 8 rings, camouflage 1, gelatinous body 1,
(nimble swimmer 1), tentacles
a: Renounce Religion, Potion Petition, Call Merchant, Bribe Branch


You were on level 7 of the Dungeon.
You worshipped Gozag.
Gozag was pleased with you.
You visited 2 branches of the dungeon, and saw 9 of its levels.

You collected 933 gold pieces.
You spent 42 gold pieces at shops.
You paid 67 gold pieces to Gozag.

Inventory:

Hand Weapons
 u - the +5 hunting sling "Podghiom" (weapon) {vorpal, Will+ Dex+2}
   (You found it on level 4 of the Dungeon)

   Any ammunition fired from it inflicts extra damage upon your enemies.
   Dex:       It affects your dexterity (+2).
   Will:      It increases your willpower.
Missiles
 a - 188 stones
Jewellery
 c - a +6 ring of dexterity (left tentacle)
 f - a ring of resist corrosion (on tentacle)
 r - a ring of protection from cold (right tentacle)
 w - a ring of wizardry (on tentacle)
 x - a ring of willpower (on tentacle)
 A - a ring of poison resistance (on tentacle)
 B - a +6 ring of strength (on tentacle)
Wands
 o - a wand of polymorph (9)
 C - a wand of iceblast (1)
Scrolls
 h - a scroll of silence
 j - a scroll of fog
 k - a scroll of amnesia
 m - a scroll of enchant weapon
 n - a scroll of teleportation
 v - 2 scrolls of brand weapon
 y - a scroll of vulnerability {unknown}
Potions
 b - a potion of magic
 d - 4 potions of mutation {unknown}
 e - 8 potions of curing {unknown}
 g - 5 potions of heal wounds {unknown}
 i - 4 potions of haste {unknown}
 p - a potion of brilliance {unknown}
 q - a potion of attraction {unknown}
 t - a potion of flight {unknown}
 z - a potion of lignification {unknown}
 D - a potion of degeneration {unknown}
 E - a potion of resistance {unknown}
 F - a potion of might {unknown}


   Skills:
 * Level 6.5 Fighting
 - Level 4.0 Slings
 - Level 2.0 Dodging
 - Level 2.6 Stealth
 + Level 6.8 Spellcasting
 - Level 6.0 Conjurations
 - Level 1.0 Transmutations
 + Level 10.4 Earth Magic


You had 8 spell levels left.
You knew the following spells:

 Your Spells              Type           Power      Damage    Failure   Level
a - Sandblast             Erth           100%       2d20      1%          1
b - Stone Arrow           Conj/Erth      82%        3d12      1%          3
c - Petrify               Tmut/Erth      31%        N/A       3%          4
d - Iron Shot             Conj/Erth      20%        9d5       19%         6

Your spell library contained the following spells:

 Spells                   Type           Power      Damage    Failure   Level
 Magic Dart               Conj           100%       1d8       1%          1
 Passwall                 Tmut/Erth      25%        N/A       1%          2
 Searing Ray              Conj           64%        2d6       1%          2
 Slow                     Hex            28%        N/A       3%          1
 Conjure Flame            Conj/Fire      19%        6-21      3%          3
 Scorch                   Fire           14%        2d6       6%          2
 Portal Projectile        Hex/Tloc       14%        N/A       11%         3
 Flame Wave               Conj/Fire      19%        2d6       11%         4
 Fulminant Prism          Conj/Hex       9%         3d7       11%         4
 Summon Lightning Spire   Summ/Air       7%         N/A       32%         4
 Freezing Cloud           Conj/Ice/Air   7%         6-21      38%         5
 Blade Hands              Tmut           5%         N/A       52%         5
 Simulacrum               Ice/Necr       3%         N/A       99%         6
 Summon Cactus Giant      Summ           3%         N/A       99%         6
 Enfeeble                 Hex            3%         N/A       100%        7
 Storm Form               Tmut/Air       4%         N/A       100%        7
 Maxwell's Capacitive Co  Air            3%         ∞         100%        8
 Polar Vortex             Ice            3%         N/A       100%        9
 Animate Armour           Summ/Erth      Unusable   N/A       N/A         4

Dungeon Overview and Level Annotations

Branches:
Dungeon (8/15)             Temple (1/1) D:4            Lair (0/6) D:8

Altars:
Ashenzari
Cheibriados
Elyvilon
Fedhas
Gozag
Kikubaaqudgha
Qazlal
Ru
Sif Muna
Uskayaw
Vehumet
Wu Jian
Xom
Yredelemnul
Zin
The Shining One

Shops:
D:4 :*   D:5 (


Innate Abilities, Weirdness & Mutations

You cannot wear most types of armour.
You are amphibious.
You can wear up to eight rings at the same time.
Your skin changes colour to match your surroundings (Stealth+).
Your rubbery body absorbs attacks. (AC +1, EV +1)
((You are camouflaged when in or above water. (Stealth+)))
You have tentacles for arms and can constrict up to eight enemies at once.


Message History

The vampire mosquito bites you!
The vampire mosquito draws strength from your injuries!
The vampire mosquito bites you!
The vampire mosquito draws strength from your injuries!
The vampire mosquito bites you!
The vampire mosquito draws strength from your injuries!
The vampire mosquito bites you!
* * * LOW HITPOINT WARNING * * *
The vampire mosquito draws strength from your injuries!
The vampire mosquito bites you.
* * * LOW HITPOINT WARNING * * *
The vampire mosquito draws strength from your injuries!
The centaur shoots an arrow.
The arrow barely misses you.
The anaconda hisses angrily.
The water moccasin hisses angrily.
The orc shouts!
You climb upwards.
There is a stone staircase leading down here.
Casting: Sandblast (safe; 1% risk of failure)
Confirm with . or Enter, or press ? or * to list all spells.
Aiming: Sandblast (safe; 1% risk of failure)
Press: ? - help, Shift-Dir - straight line, f - vampire mosquito
Aim: a vampire mosquito (73% to hit)
The blast of sand misses the vampire mosquito.
The vampire mosquito closely misses you.
The vampire mosquito bites you.
* * * LOW HITPOINT WARNING * * *
The vampire mosquito draws strength from your injuries!
The vampire mosquito barely misses you. x2
Casting: Sandblast (safe; 1% risk of failure)
Confirm with . or Enter, or press ? or * to list all spells.
Aiming: Sandblast (safe; 1% risk of failure)
Press: ? - help, Shift-Dir - straight line, f/p - vampire mosquito
Aim: a vampire mosquito (73% to hit)
The blast of sand hits the vampire mosquito.
The vampire mosquito is lightly damaged.
The vampire mosquito bites you.
* * * LOW HITPOINT WARNING * * *
The vampire mosquito draws strength from your injuries!
The vampire mosquito bites you!
You die...
Your body crumbles into a pile of gold.

..# #......# #.####.# ..#
#.#....# #.# #.#
..######.##.#># #.# #.#
.........##.#.# #.# #.#
.######..##.#.# #.# #.#
.######..##.#.# #.# #.#
............#.# ##.## #.#
)........####.########...###.#
.######.## #..y@y.....#.....#
## ##...## ##########...#####
.####....>#### ##.##
.............##########.#
.####....<##............# ##
##...################
#######.## ))......# #########


You could see 2 vampire mosquitoes.

Vanquished Creatures
  A two-headed ogre (D:7)
  A death yak (D:8)
  Pikel (D:5)
  A hornet (D:8)
  Grinder (D:4)
  2 wyverns (D:8)
  Eustachio (D:4)
  A basilisk (D:8)
  A vampire mosquito (D:7)
  2 steam dragons (D:7)
  An orc warrior (D:7)
  A water moccasin (D:3)
  3 black bears
  An ice beast (D:7)
  An ogre (D:6)
  A centaur (D:7)
  A lemure (D:5)
  2 phantoms
  A bullfrog (D:8)
  A gnoll sergeant (D:6)
  3 necrophages
  5 scorpions
  5 wights
  6 killer bees (D:7)
  3 howler monkeys
  2 hounds
  4 orc priests
  2 gnoll shamans
  Natasha (thrice) (D:4)
  5 iguanas
  3 orc wizards
  Robin (D:2)
  11 gnolls
  5 adders
  A shadow imp (D:5)
  2 ufetubi (D:7)
  3 worms (D:2)
  2 dart slugs (D:1)
  22 orcs
  5 endoplasms
  14 goblins
  13 hobgoblins
  7 jackals
  2 kobolds
  3 quokkas
  7 ball pythons
  4 bats
  3 frilled lizards
  4 rats
175 creatures vanquished.

Notes
Turn   | Place    | Note
-------+----------+-------------------------------------------
     0 | D:1      | Crownlay the Octopode Earth Elementalist began the quest
                  | for the Orb.
     0 | D:1      | Reached XP level 1. HP: 11/11 MP: 3/3
   225 | D:1      | Reached XP level 2. HP: 14/18 MP: 5/5
   895 | D:1      | Reached XP level 3. HP: 22/22 MP: 6/6
  1021 | D:1      | Reached skill level 1 in Fighting
  1181 | D:1      | Found a faded altar of an unknown god.
  1190 | D:1      | Reached skill level 1 in Conjurations
  1454 | D:2      | Reached XP level 4. HP: 28/28 MP: 0/7
  1990 | D:2      | Reached skill level 4 in Earth Magic
  2219 | D:2      | Learned a level 3 spell: Stone Arrow
  2304 | D:2      | Noticed Robin
  2310 | D:2      | Killed Robin
  3144 | D:3      | Noticed a water moccasin
  3149 | D:3      | Killed a water moccasin
  3150 | D:3      | Reached XP level 5. HP: 33/34 MP: 9/9
  3404 | D:3      | Reached XP level 6. HP: 40/40 MP: 6/10
  3886 | D:4      | Noticed Grinder
  3891 | D:4      | Paralysed by Grinder for 4 turns
  3895 | D:4      | Killed Grinder
  3896 | D:4      | Reached skill level 5 in Earth Magic
  3896 | D:4      | Reached XP level 7. HP: 18/45 MP: 6/12
  4106 | D:4      | Found Wuczameh's Fire Supplies.
  4130 | D:4      | Bought a scroll of immolation for 42 gold pieces
  4606 | D:4      | Found Furompeos's Book Boutique.
  4625 | D:4      | Noticed Natasha
  4631 | D:4      | Killed Natasha
  4793 | D:4      | Identified the +5 hunting sling "Podghiom" {vorpal, Will+
                  | Dex+2}
  4869 | D:4      | Noticed Eustachio
  4876 | D:4      | Killed Eustachio
  5107 | D:4      | Noticed Natasha
  5111 | D:4      | Killed Natasha
  5112 | D:4      | Reached skill level 1 in Slings
  5112 | D:4      | Reached skill level 6 in Earth Magic
  5234 | D:4      | Found a staircase to the Ecumenical Temple.
  5243 | Temple   | Entered the Ecumenical Temple
  5370 | Temple   | Became a worshipper of Gozag Ym Sagoz the Greedy
  5665 | D:4      | Noticed Natasha
  5667 | D:4      | Killed Natasha
  5794 | D:5      | Entered Level 5 of the Dungeon
  5879 | D:5      | Reached XP level 8. HP: 53/53 MP: 13/13
  5930 | D:5      | Learned a level 4 spell: Petrify
  5972 | D:5      | Found Sisa's Antique Weapon Shoppe.
  6153 | D:5      | Noticed Pikel
  6169 | D:5      | Killed Pikel
  6170 | D:5      | Reached skill level 7 in Earth Magic
  6394 | D:6      | Reached XP level 9. HP: 58/58 MP: 0/16
  6752 | D:6      | Reached skill level 8 in Earth Magic
  6828 | D:6      | Reached skill level 5 in Spellcasting
  6993 | D:6      | Reached skill level 5 in Conjurations
  7528 | D:7      | Reached skill level 9 in Earth Magic
  8234 | D:7      | Reached XP level 10. HP: 63/63 MP: 11/18
  8539 | D:7      | Noticed a two-headed ogre
  8542 | D:7      | Killed a two-headed ogre
  8543 | D:7      | Reached skill level 10 in Earth Magic
  8952 | D:8      | Found a staircase to the Lair.
  8952 | D:8      | Noticed a death yak
  8961 | D:8      | Killed a death yak
  8962 | D:8      | Reached skill level 5 in Fighting
  9269 | D:8      | Got the Reference Book on the Scorching Oath
  9277 | D:8      | Learned a level 6 spell: Iron Shot
  9540 | D:8      | Noticed an anaconda
  9544 | D:7      | Slain by a vampire mosquito

Illustrated notes

Levels and vault maps discovered:
D:1:      sevenhm_arrival_forest_fort_large_2, layout_basic,
          hellmonk_ecumenical_altar_pennies_from_heaven
D:2:      minmay_recursive_quarters, layout_basic, dreamdust_mushroom_princess,
          uniq_robin
D:3:      layout_basic, kennysheep_donut, supply_closet_lemuel,
          minmay_misc_feat_x
D:4:      layout_basic, minmay_temple_entry_mist, serial_shops, shop_statue,
          nicolae_shop_fire_sale [nicolae_sub_dead_trees], uniq_grinder,
          uniq_natasha, uniq_eustachio
D:5:      layout_basic, serial_shops, shop_statue, uniq_pikel
D:6:      layout_basic, nicolae_underground_beach
D:7:      layout_loops_ring
D:8:      layout_cave_pools, david_lair_generic, serial_column_ruins,
          column_ruins_courtyard_long, column_ruins_grid_2, column_ruins_grid_1,
          column_ruins_columns_dead_end, column_ruins_grid_1,
          column_ruins_columns_plus, serial_shops, shop,
          minmay_fractal_squares_diagonal_5
Temple:   mainiacjoe_temple_archimedes_tessellation

Skill      XL: |  1  2  3  4  5  6  7  8  9 10 |
---------------+-------------------------------+-----
Fighting       | 1 2 3 4 6 |  6.5
Conjurations   | 1 2 3 4 5 6 |  6.0
Earth Magic    | 4 5 6 7 9 10 | 10.4
Spellcasting   | 3 4 5 6 |  6.8
Slings         | 1 3 4 |  4.0
Dodging        | |  2.0
Stealth        | |  2.6
Transmutations | |  1.0

Action                   |  1- 3 |  4- 6 |  7- 9 | 10-12 || total
-------------------------+-------+-------+-------+-------++-------
Melee: Mace              |    34 |    49 |     4 |       ||    87
       Constrict         |    10 |    15 |       |       ||    25
       Unarmed           |     3 |       |       |       ||     3
       Tentacles         |     9 |     9 |     1 |       ||    19
       Punch             |       |     1 |       |       ||     1
 Fire: Hunting sling     |       |       |   124 |    29 ||   153
 Cast: Sandblast         |    13 |    10 |    48 |    25 ||    96
       Stone Arrow       |       |       |    56 |    15 ||    71
       Petrify           |       |       |     1 |       ||     1
Evoke: Wand              |       |       |       |     4 ||     4
  Use: Scroll            |       |     3 |     4 |     1 ||     8
 Stab: Sleeping          |     7 |     5 |       |       ||    12
       Distracted        |       |     1 |       |       ||     1
Armor: Skin              |     4 |     1 |     1 |       ||     6
Dodge: Dodged            |    27 |    35 |    42 |    20 ||   124

Table legend: (Time is in decaauts)
 A = Elapsed time spent in this place.
 B = Non-inter-level travel time spent in this place.
 C = Inter-level travel time spent in this place.
 D = Time resting spent in this place.
 E = Time spent auto-exploring this place.
 F = Levels seen in this place.
 G = Mean time per level.
                   A        B        C        D        E       F      G
               +--------+--------+--------+--------+--------+-----+--------+
         Total |   9629 |   9239 |    390 |     60 |   8098 |   9 | 1069.9 |
       Dungeon |   9387 |   9117 |    270 |     60 |   7993 |   8 | 1173.4 |
        Temple |    241 |    121 |    120 |      0 |    105 |   1 |  241.0 |
               +--------+--------+--------+--------+--------+-----+--------+

Top non-repeatable levels by time:
     D:7: 1988 daAuts
     D:2: 1714 daAuts
     D:4: 1706 daAuts
     D:1: 1351 daAuts
     D:6: 1046 daAuts
     D:3: 821 daAuts
     D:5: 561 daAuts
  Temple: 241 daAuts
     D:8: 197 daAuts
